Penguins vs Senators

Created - Thursday, January 14, 2016 at 02:01

Goals
1 2 3 T
Penguins 0 1 0 1
Senators 3 5 1 9
Shots
1 2 3 T
Penguins 5 6 9 20
Senators 9 9 13 31

1st period

1. Senators , Colin Greening 6 (Cody Hodgson, Jesse Blacker) at 3:41
2. Senators , Emerson Etem 4 (Philip McRae) at 9:58
3. Senators , Philip McRae 2 (Emerson Etem, Matt Finn) at 10:56

Penalties :
Trevor Parkes (WBS) for Roughing (Minor) at 0:27, FARM PLAYER33 (WBS) for Charging (Minor) at 19:12

2nd period

4. Senators , Colin Greening 7 (Ryan Craig, Greg Nemisz) at 0:46 (PP)
5. Senators , Evan Trupp 3 (Josh Leivo, Kenny Ryan) at 0:58
6. Senators , Philip McRae 3 (Emerson Etem, Tom Nilsson) at 2:23
7. Penguins , FARMPLAYER2 9 (Patrice Cormier, Adam Clendening) at 6:21 (PP)
8. Senators , Kenny Ryan 1 (Josh Leivo) at 6:25
9. Senators , Emerson Etem 5 (Philip McRae) at 8:24

Penalties :
Colton Orr (BIN) for Fighting (Major) at 4:49, Jeff Schultz (WBS) for Fighting (Major) at 4:49, Ryan Craig (BIN) for Interference (Minor) at 5:01, Ryan Craig (BIN) for Fighting (Major) at 9:52, Patrice Cormier (WBS) for Fighting (Major) at 9:52, Patrice Cormier (WBS) for instigated a fight (Minor) at 9:52, Patrice Cormier (WBS) for instigated a fight (10 Minutes Misconduct) at 9:52, FARM PLAYER2 (BIN) for High sticking (Minor) at 13:53

3rd period

10. Senators , Colin Greening 8 (Greg Nemisz) at 9:24 (PP)

Penalties :
Kenny Ryan (BIN) for Fighting (Major) at 0:43, Justin Vaive (WBS) for Fighting (Major) at 0:43, Colin Greening (BIN) for Holding (Minor) at 5:20, FARMPLAYER2 (WBS) for Cross-checking (Minor) at 9:14, Matt Finn (BIN) for Fighting (Major) at 12:09, Justin Vaive (WBS) for Fighting (Major) at 12:09, Matt Finn (BIN) for instigated a fight (Minor) at 12:09, Matt Finn (BIN) for instigated a fight (10 Minutes Misconduct) at 12:09

Goalie Stats

FARM GOALIE14 (WBS), 22 saves from 27 shots - (0.815), L, 0-20-1, 52:22 minutes
FARM GOALIE20 (WBS), 0 saves from 4 shots - (0.000), 7:38 minutes
Jean-Francois Berube (BIN), 19 saves from 20 shots - (0.950), W, 16-13-12, 60:00 minutes

Players Stats for Penguins

Player Name              G  A  P  +/- PIM S  H  SB GA TA FO     MP     PP MP  PK MP  
------------------------------------------------------------------------------------
Adam Clendening          0  1  1  -2  0   4  0  5  3  2  0/0    28:21   3:18   3:28 
Carson McMillan          0  0  0  -3  0   2  0  0  1  1  1/6    17:40   1:44   0:00 
Charles Sarault          0  0  0  -2  0   0  0  0  4  0  5/8    15:37   3:19   0:00 
Danny Biega              0  0  0  -1  0   4  0  3  2  3  0/0    27:02   3:41   3:28 
Drew Bagnall             0  0  0   0  0   0  0  0  0  0  0/0     0:00   0:00   0:00 
Dustin Gazley            0  0  0  -2  0   2  1  0  1  0  0/0    15:37   3:19   0:00 
FARM PLAYER15            0  0  0  -5  0   0  1  0  0  0  0/0    19:16   3:59   1:05 
FARM PLAYER22            0  0  0  -5  0   0  2  0  1  0  0/0    18:42   3:36   2:14 
FARM PLAYER33            0  0  0  -1  2   0  0  0  0  0  0/0    16:17   0:47   0:28 
FARMPLAYER2              1  0  1  -2  2   4  2  0  4  3  11/14  22:58   3:11   2:14 
Garrett Meurs            0  0  0  -3  0   0  0  0  1  0  1/2    13:31   0:00   0:00 
Jason Gregoire           0  0  0   0  0   0  0  0  0  0  0/0    10:39   0:31   0:00 
Jeff Schultz             0  0  0   0  5   1  4  0  1  1  0/0    12:33   0:00   0:00 
Justin Vaive             0  0  0  -2  10  1  1  0  2  0  1/1    15:44   2:14   4:23 
Patrice Cormier          0  1  1  -1  17  2  0  0  1  0  3/6    15:25   2:25   2:52 
Philippe Cornet          0  0  0  -4  0   0  1  0  1  2  0/0    16:27   0:23   0:51 
Ryan Olsen               0  0  0   0  0   0  2  0  0  0  2/4    10:09   0:00   1:45 
Trevor Parkes            0  0  0  -2  2   0  2  1  1  0  0/1    18:13   3:58   0:00 

Players Stats for Senators

Player Name              G  A  P  +/- PIM S  H  SB GA TA FO     MP     PP MP  PK MP  
------------------------------------------------------------------------------------
Cody Hodgson             0  1  1   1  0   1  0  1  2  0  0/0     7:06   0:00   0:00 
Colin Greening           3  0  3   1  2   6  2  2  1  1  2/5    22:43   3:24   3:30 
Colton Orr               0  0  0   3  5   0  2  0  0  0  0/0    14:37   0:57   0:00 
Darcy Zajac              0  0  0   1  0   0  0  1  0  1  1/1     8:57   0:00   1:13 
Emerson Etem             2  2  4   4  0   5  1  0  2  0  0/0    11:45   0:00   0:00 
Evan Trupp               1  0  1   2  0   2  3  0  5  1  6/11   17:26   2:18   0:00 
FARM PLAYER2             0  0  0   3  2   0  1  0  0  1  0/1    16:30   0:00   1:41 
FARM PLAYER47            0  0  0   2  0   1  0  0  0  0  0/0    19:10   0:00   6:29 
Greg Nemisz              0  2  2   0  0   2  3  0  3  0  1/1    16:07   3:24   0:31 
Griffin Reinhart         0  0  0   3  0   1  2  0  0  0  0/0    19:04   3:41   0:00 
Jesse Blacker            0  1  1   3  0   5  1  2  1  1  0/0    27:17   3:41   6:29 
Josh Leivo               0  2  2   2  0   3  0  1  2  0  1/1    20:24   2:18   1:42 
Kenny Ryan               1  1  2   2  5   2  1  0  0  2  0/1    16:35   2:18   0:15 
Matt Finn                0  1  1   2  17  0  1  1  0  2  0/0    20:14   2:01   0:29 
Philip McRae             2  2  4   4  0   3  1  0  2  1  3/7    16:17   0:00   2:30 
Ryan Craig               0  1  1   0  7   0  0  3  0  2  4/14   18:18   2:27   3:51 
Tom Nilsson              0  1  1   2  0   0  1  4  1  2  0/0    20:26   2:01   0:48 
Tyler Biggs              0  0  0   0  0   0  0  0  0  0  0/0     0:00   0:00   0:00 

3 Stars

1 - Philip McRae (BIN)
2 - Emerson Etem (BIN)
3 - Colin Greening (BIN)

Power Play

Penguins - 1 on 4 Attempt(s) - 25.00%
Senators - 2 on 4 Attempt(s) - 50.00%

Penalty Kill

Penguins - 2 on 4 Attempt(s) - 50.00% - Score 0 goal in Penalty Kill
Senators - 3 on 4 Attempt(s) - 75.00% - Score 0 goal in Penalty Kill

Team Stat

Penguins - Hits : 16 - Faceoff Wins : 24 - Blocked Shots : 9 - Penalty Minutes : 38
Senators - Hits : 19 - Faceoff Wins : 18 - Blocked Shots : 15 - Penalty Minutes : 38

Official

Referees : Unknown
Linesman : Unknown

Game Notes

FARM GOALIE20 enters game at 0:46 of 2nd period
Colton Orr beats up Jeff Schultz at 4:49 of 2nd period
FARM GOALIE14 enters game at 8:24 of 2nd period
Patrice Cormier beats up Ryan Craig at 9:52 of 2nd period
Kenny Ryan and Justin Vaive fight to a draw at 0:43 of 3rd period
Colin Greening has scored a Hat Trick!
Matt Finn and Justin Vaive fight to a draw at 12:09 of 3rd period

Finance

Level 1 -- Attendance: 1507 (75.35%) -- Ticket Income $52,745
Level 2 -- Attendance: 718 (71.80%) -- Ticket Income $10,770
Total Attendance: 2225 (74.17%)
Total Ticket Income: $63,515
Other Income: $31,122
Total Income: $94,637

Penguins

5 vs 5 Forward 
   Center                   Left Wing                Right Wing               Time % Phy DF OF 
 1 FARMPLAYER2              Patrice Cormier          Trevor Parkes            35     1   2  2  
 2 Charles Sarault          Justin Vaive             Dustin Gazley            30     1   2  2  
 3 Carson McMillan          Philippe Cornet          Garrett Meurs            22     1   2  2  
 4 Ryan Olsen               Jason Gregoire           FARMPLAYER2              13     1   2  2  

5 vs 5 Defense 
   Defense                  Defense                                           Time % Phy DF OF 
 1 Adam Clendening          Danny Biega                                       35     1   2  2  
 2 FARM PLAYER22            FARM PLAYER15                                     30     1   2  2  
 3 Jeff Schultz             FARM PLAYER33                                     22     1   2  2  
 4 Danny Biega              Adam Clendening                                   13     1   2  2  

PowerPlay Forward 
   Center                   Left Wing                Right Wing               Time % Phy DF OF 
 1 FARMPLAYER2              Patrice Cormier          Trevor Parkes            60     1   2  2  
 2 Charles Sarault          Justin Vaive             Dustin Gazley            40     1   2  2  

PowerPlay Defense
   Defense                  Defense                                           Time % Phy DF OF 
 1 Adam Clendening          Danny Biega                                       60     1   2  2  
 2 FARM PLAYER22            FARM PLAYER15                                     40     1   2  2  

Penalty Kill 4 Players Forward 
   Center                   Wing                     Time % Phy DF OF 
 1 Patrice Cormier          Justin Vaive             60     1   2  2  
 2 Philippe Cornet          Trevor Parkes            40     1   2  2  

Penalty Kill 4 Players Defense
   Defense                  Defense                  Time % Phy DF OF 
 1 Adam Clendening          Danny Biega              60     1   2  2  
 2 FARMPLAYER2              FARM PLAYER22            40     1   2  2  

Penalty Kill - 3 Players Forward 
   Forward                                           Time % Phy DF OF 
 1 Patrice Cormier                                   60     1   2  2  
 2 Justin Vaive                                      40     1   2  2  

Penalty Kill - 3 Players Defense
   Defense                  Defense                  Time % Phy DF OF 
 1 Adam Clendening          Danny Biega              60     1   2  2  
 2 FARMPLAYER2              FARM PLAYER22            40     1   2  2  

4 vs 4 Forward 
   Center                   Wing                     Time % Phy DF OF 
 1 Patrice Cormier          Justin Vaive             60     1   2  2  
 2 Philippe Cornet          Trevor Parkes            40     1   2  2  

4 vs 4 Defense
   Defense                  Defense                  Time % Phy DF OF 
 1 Adam Clendening          Danny Biega              60     1   2  2  
 2 FARMPLAYER2              FARM PLAYER22            40     1   2  2  

Last Minutes Offensive
   Center                   Left Wing                Right Wing               Defense                  Defense                  
   FARMPLAYER2              Patrice Cormier          Trevor Parkes            Adam Clendening          Danny Biega              

Last Minutes Defensive
   Center                   Left Wing                Right Wing               Defense                  Defense                  
   FARMPLAYER2              Patrice Cormier          Trevor Parkes            Adam Clendening          Danny Biega              

Goaltenders
Starting : FARM GOALIE14            
Backup : FARM GOALIE20            

Extra Forwards
Normal : Carson McMillan, Jason Gregoire, Ryan Olsen - PP : Carson McMillan, Jason Gregoire - PK : Ryan Olsen
Extra Defensemen
Normal : Adam Clendening, FARM PLAYER33, Danny Biega - PP : FARMPLAYER2 - PK : FARM PLAYER33, FARMPLAYER2
Penalty Shots
FARMPLAYER2, Patrice Cormier, Justin Vaive, Philippe Cornet, Trevor Parkes

Senators

5 vs 5 Forward 
   Center                   Left Wing                Right Wing               Time % Phy DF OF 
 1 Ryan Craig               Colin Greening           Greg Nemisz              35     1   2  2  
 2 Evan Trupp               Josh Leivo               Kenny Ryan               30     1   2  2  
 3 Philip McRae             Emerson Etem             Colton Orr               22     1   2  2  
 4 Darcy Zajac              Cody Hodgson             Colin Greening           13     1   2  2  

5 vs 5 Defense 
   Defense                  Defense                                           Time % Phy DF OF 
 1 Griffin Reinhart         Jesse Blacker                                     35     1   2  2  
 2 Matt Finn                Tom Nilsson                                       30     1   2  2  
 3 FARM PLAYER2             FARM PLAYER47                                     22     1   2  2  
 4 Matt Finn                Jesse Blacker                                     13     1   2  2  

PowerPlay Forward 
   Center                   Left Wing                Right Wing               Time % Phy DF OF 
 1 Ryan Craig               Colin Greening           Greg Nemisz              60     1   2  2  
 2 Evan Trupp               Josh Leivo               Kenny Ryan               40     1   2  2  

PowerPlay Defense
   Defense                  Defense                                           Time % Phy DF OF 
 1 Griffin Reinhart         Jesse Blacker                                     60     1   2  2  
 2 Matt Finn                Tom Nilsson                                       40     1   2  2  

Penalty Kill 4 Players Forward 
   Center                   Wing                     Time % Phy DF OF 
 1 Colin Greening           Ryan Craig               60     1   2  2  
 2 Greg Nemisz              Josh Leivo               40     1   2  2  

Penalty Kill 4 Players Defense
   Defense                  Defense                  Time % Phy DF OF 
 1 FARM PLAYER47            Jesse Blacker            60     1   2  2  
 2 Matt Finn                Tom Nilsson              40     1   2  2  

Penalty Kill - 3 Players Forward 
   Forward                                           Time % Phy DF OF 
 1 Colin Greening                                    60     1   2  2  
 2 Ryan Craig                                        40     1   2  2  

Penalty Kill - 3 Players Defense
   Defense                  Defense                  Time % Phy DF OF 
 1 Griffin Reinhart         Jesse Blacker            60     1   2  2  
 2 Matt Finn                Tom Nilsson              40     1   2  2  

4 vs 4 Forward 
   Center                   Wing                     Time % Phy DF OF 
 1 Colin Greening           Ryan Craig               60     1   2  2  
 2 Greg Nemisz              Josh Leivo               40     1   2  2  

4 vs 4 Defense
   Defense                  Defense                  Time % Phy DF OF 
 1 FARM PLAYER2             Jesse Blacker            60     1   2  2  
 2 Matt Finn                Tom Nilsson              40     1   2  2  

Last Minutes Offensive
   Center                   Left Wing                Right Wing               Defense                  Defense                  
   Ryan Craig               Colin Greening           Greg Nemisz              Griffin Reinhart         Jesse Blacker            

Last Minutes Defensive
   Center                   Left Wing                Right Wing               Defense                  Defense                  
   Ryan Craig               Colin Greening           Greg Nemisz              Griffin Reinhart         Jesse Blacker            

Goaltenders
Starting : Jean-Francois Berube     
Backup : Cedrick Desjardins       

Extra Forwards
Normal : Colin Greening, Colton Orr, Philip McRae - PP : Colin Greening, Colton Orr - PK : Philip McRae
Extra Defensemen
Normal : FARM PLAYER2, FARM PLAYER47, Matt Finn - PP : FARM PLAYER2 - PK : FARM PLAYER47, Matt Finn
Penalty Shots
Colin Greening, Ryan Craig, Greg Nemisz, Josh Leivo, Kenny Ryan

% Time on Ice - Penguins

Lines # - Real PCT - Wanted PCT - Time Play
Normal Forward
1 - 28% - 35% - 13:12
2 - 29% - 30% - 13:33
3 - 29% - 22% - 13:31
4 - 14% - 13% - 6:45
Normal Defense
1 - 35% - 35% - 16:19
2 - 27% - 30% - 12:52
3 - 30% - 22% - 14:16
4 - 8% - 13% - 3:34
PP Forward
1 - 54% - 60% - 3:58
2 - 46% - 40% - 3:19
PP Defense
1 - 51% - 60% - 3:41
2 - 49% - 40% - 3:36
PK Forward
1 - 85% - 60% - 4:51
2 - 15% - 40% - 0:51
PK Defense
1 - 61% - 60% - 3:28
2 - 39% - 40% - 2:14
PK3 Forward
1 - 0% - 60%
2 - 0% - 40%
PK3 Defense
1 - 0% - 60%
2 - 0% - 40%
44 Forward
1 - 0% - 60%
2 - 0% - 40%
44 Defense
1 - 0% - 60%
2 - 0% - 40%
Last Minute Offensive  - 0:00
Last Minute Defensive  - 0:00
Total
Forward - 60:00
Defense - 60:00

% Time on Ice - Senators

Lines # - Real PCT - Wanted PCT - Time Play
Normal Forward
1 - 28% - 35% - 13:02
2 - 32% - 30% - 15:08
3 - 25% - 22% - 11:45
4 - 15% - 13% - 7:06
Normal Defense
1 - 29% - 35% - 13:24
2 - 37% - 30% - 17:37
3 - 23% - 22% - 10:39
4 - 11% - 13% - 5:21
PP Forward
1 - 60% - 60% - 3:24
2 - 40% - 40% - 2:18
PP Defense
1 - 65% - 60% - 3:41
2 - 35% - 40% - 2:01
PK Forward
1 - 93% - 60% - 6:46
2 - 7% - 40% - 0:31
PK Defense
1 - 89% - 60% - 6:29
2 - 11% - 40% - 0:48
PK3 Forward
1 - 0% - 60%
2 - 0% - 40%
PK3 Defense
1 - 0% - 60%
2 - 0% - 40%
44 Forward
1 - 0% - 60%
2 - 0% - 40%
44 Defense
1 - 0% - 60%
2 - 0% - 40%
Last Minute Offensive  - 0:00
Last Minute Defensive  - 0:00
Total
Forward - 60:00
Defense - 60:00

Play by Play

1st period


0:01 of 1st period - Ryan Craig wins face-off versus FARMPLAYER2 in neutral zone.
0:01 of 1st period - Ryan Craig is hit by Trevor Parkes.
0:04 of 1st period - Off-side.
0:05 of 1st period - Ryan Craig wins face-off versus FARMPLAYER2 in neutral zone.
0:08 of 1st period - Adam Clendening is hit by Jesse Blacker and loses puck.
0:27 of 1st period - Minor Penalty to Trevor Parkes for Roughing.
0:28 of 1st period - Patrice Cormier wins face-off versus Ryan Craig in Penguins zone.
0:44 of 1st period - Justin Vaive is hit by Griffin Reinhart and loses puck.
1:03 of 1st period - Snap shot by Danny Biega.
1:03 of 1st period - Deflect By Greg Nemisz.
1:03 of 1st period - Stopped by Jean-Francois Berube with a rebound.
1:30 of 1st period - FARMPLAYER2 is hit by Griffin Reinhart and loses puck.
1:47 of 1st period - Slapshot by Evan Trupp.
1:47 of 1st period - Stopped by FARM GOALIE14 with a rebound.
2:27 of 1st period - Penalty to Trevor Parkes is over, Trevor Parkes is back on ice.
3:15 of 1st period - Snap shot by Philip McRae.
3:15 of 1st period - Shot Blocked by Trevor Parkes.
3:41 of 1st period - Slapshot by Colin Greening.
3:41 of 1st period - Goal by Colin Greening - Penguins : 0 - Senators : 1.
3:42 of 1st period - Evan Trupp wins face-off versus Charles Sarault in neutral zone.
4:13 of 1st period - Slapshot by Adam Clendening.
4:13 of 1st period - Shot Blocked by Tom Nilsson.
4:31 of 1st period - Wrist shot by FARMPLAYER2.
4:31 of 1st period - Shot Misses the Net.
4:33 of 1st period - Slapshot by Jeff Schultz.
4:33 of 1st period - Shot Blocked by Josh Leivo.
4:35 of 1st period - Snap shot by Jeff Schultz.
4:35 of 1st period - Deflect By FARMPLAYER2.
4:35 of 1st period - Stopped by Jean-Francois Berube without a rebound.
4:36 of 1st period - FARMPLAYER2 wins face-off versus Philip McRae in Senators zone.
4:51 of 1st period - Wrist shot by Philippe Cornet.
4:51 of 1st period - Shot Misses the Net.
4:53 of 1st period - Slapshot by Jeff Schultz.
4:53 of 1st period - Stopped by Jean-Francois Berube without a rebound.
4:54 of 1st period - Philip McRae wins face-off versus Carson McMillan in Senators zone.
4:54 of 1st period - Philip McRae is hit by Jeff Schultz.
5:27 of 1st period - Colton Orr is hit by Dustin Gazley.
6:54 of 1st period - Kenny Ryan is hit by FARM PLAYER22 and loses puck.
8:53 of 1st period - Josh Leivo is hit by Jeff Schultz and loses puck.
9:20 of 1st period - Darcy Zajac is hit by Ryan Olsen and loses puck.
9:35 of 1st period - Slapshot by Danny Biega.
9:35 of 1st period - Shot Blocked by Darcy Zajac.
9:37 of 1st period - Slapshot by Adam Clendening.
9:37 of 1st period - Stopped by Jean-Francois Berube without a rebound.
9:38 of 1st period - Philip McRae wins face-off versus FARMPLAYER2 in Senators zone.
9:58 of 1st period - Wrist shot by Emerson Etem.
9:58 of 1st period - Goal by Emerson Etem - Penguins : 0 - Senators : 2.
9:59 of 1st period - Garrett Meurs wins face-off versus Ryan Craig in neutral zone.
10:12 of 1st period - Wrist shot by Carson McMillan.
10:12 of 1st period - Stopped by Jean-Francois Berube with a rebound.
10:54 of 1st period - Snap shot by Philip McRae.
10:54 of 1st period - Shot Misses the Net.
10:56 of 1st period - Snap shot by Philip McRae.
10:56 of 1st period - Goal by Philip McRae - Penguins : 0 - Senators : 3.
10:57 of 1st period - FARMPLAYER2 wins face-off versus Evan Trupp in neutral zone.
11:08 of 1st period - Wrist shot by FARMPLAYER2.
11:08 of 1st period - Shot Blocked by Jesse Blacker.
11:46 of 1st period - Danny Biega is hit by Philip McRae.
11:58 of 1st period - Garrett Meurs is hit by Emerson Etem and loses puck.
12:11 of 1st period - Charles Sarault is hit by Matt Finn and loses puck.
12:48 of 1st period - Backhand shot by Greg Nemisz.
12:48 of 1st period - Shot Hit the Post.
13:00 of 1st period - Justin Vaive is hit by Evan Trupp and loses puck.
15:19 of 1st period - Wrist shot by Dustin Gazley.
15:19 of 1st period - Shot Blocked by Ryan Craig.
15:43 of 1st period - Wrist shot by Emerson Etem.
15:43 of 1st period - Stopped by FARM GOALIE14 without a rebound.
15:44 of 1st period - Ryan Olsen wins face-off versus Philip McRae in Penguins zone.
15:49 of 1st period - Colton Orr is hit by FARMPLAYER2 and loses puck.
16:50 of 1st period - Dustin Gazley is hit by Greg Nemisz and loses puck.
17:13 of 1st period - Snap shot by Cody Hodgson.
17:13 of 1st period - Stopped by FARM GOALIE14 with a rebound.
17:15 of 1st period - Slapshot by Griffin Reinhart.
17:15 of 1st period - Stopped by FARM GOALIE14 with a rebound.
17:17 of 1st period - Snap shot by Darcy Zajac.
17:17 of 1st period - Shot Misses the Net.
17:19 of 1st period - Slapshot by Griffin Reinhart.
17:19 of 1st period - Shot Misses the Net.
17:44 of 1st period - Ryan Craig is hit by FARMPLAYER2 and loses puck.
19:12 of 1st period - Minor Penalty to FARM PLAYER33 for Charging.
19:13 of 1st period - Evan Trupp wins face-off versus Patrice Cormier in Penguins zone.
19:18 of 1st period - Snap shot by Josh Leivo.
19:18 of 1st period - Stopped by FARM GOALIE14 with a rebound.
19:20 of 1st period - Wrist shot by Evan Trupp.
19:20 of 1st period - Shot Blocked by Danny Biega.
19:24 of 1st period - Snap shot by Josh Leivo.
19:24 of 1st period - Stopped by FARM GOALIE14 without a rebound.
19:25 of 1st period - Evan Trupp wins face-off versus Patrice Cormier in Penguins zone.
Goals for this period are 0 for Penguins vs 3 for Senators.
Shots for this period are 5 for Penguins vs 9 for Senators.

2nd period


0:01 of 2nd period - Colin Greening wins face-off versus Patrice Cormier in neutral zone.
0:14 of 2nd period - Wrist shot by Colin Greening.
0:14 of 2nd period - Deflect By Greg Nemisz.
0:14 of 2nd period - Shot Misses the Net.
0:14 of 2nd period - Puck is out of play.
0:15 of 2nd period - Justin Vaive wins face-off versus Ryan Craig in Penguins zone.
0:42 of 2nd period - Wrist shot by Ryan Craig.
0:42 of 2nd period - Shot Blocked by Adam Clendening.
0:46 of 2nd period - Wrist shot by Colin Greening.
0:46 of 2nd period - Goal by Colin Greening - Penguins : 0 - Senators : 4.
0:46 of 2nd period - FARM GOALIE20 enters game.
0:47 of 2nd period - Evan Trupp wins face-off versus Garrett Meurs in neutral zone.
0:58 of 2nd period - Backhand shot by Evan Trupp.
0:58 of 2nd period - Goal by Evan Trupp - Penguins : 0 - Senators : 5.
0:59 of 2nd period - Ryan Craig wins face-off versus Trevor Parkes in neutral zone.
1:33 of 2nd period - Snap shot by Colin Greening.
1:33 of 2nd period - Deflect By Greg Nemisz.
1:33 of 2nd period - Shot Misses the Net.
1:33 of 2nd period - Puck is out of play.
1:34 of 2nd period - Evan Trupp wins face-off versus Carson McMillan in Penguins zone.
2:23 of 2nd period - Snap shot by Philip McRae.
2:23 of 2nd period - Goal by Philip McRae - Penguins : 0 - Senators : 6.
2:24 of 2nd period - Patrice Cormier wins face-off versus Ryan Craig in neutral zone.
2:30 of 2nd period - Off-side.
2:31 of 2nd period - FARMPLAYER2 wins face-off versus Colin Greening in neutral zone.
2:38 of 2nd period - Slapshot by Adam Clendening.
2:38 of 2nd period - Shot Blocked by Ryan Craig.
2:40 of 2nd period - Wrist shot by FARMPLAYER2.
2:40 of 2nd period - Stopped by Jean-Francois Berube without a rebound.
2:41 of 2nd period - FARMPLAYER2 wins face-off versus Ryan Craig in Senators zone.
2:44 of 2nd period - Wrist shot by FARMPLAYER2.
2:44 of 2nd period - Stopped by Jean-Francois Berube without a rebound.
2:45 of 2nd period - FARMPLAYER2 wins face-off versus Ryan Craig in Senators zone.
2:46 of 2nd period - Snap shot by Adam Clendening.
2:46 of 2nd period - Stopped by Jean-Francois Berube with a rebound.
3:39 of 2nd period - FARMPLAYER2 is hit by Kenny Ryan and loses puck.
4:47 of 2nd period - Garrett Meurs is hit by Colton Orr and loses puck.
4:49 of 2nd period - Colton Orr beats up Jeff Schultz.
4:49 of 2nd period - Penalty to Colton Orr for Fighting.
4:49 of 2nd period - Penalty to Jeff Schultz for Fighting.
4:50 of 2nd period - Carson McMillan wins face-off versus Ryan Craig in Penguins zone.
4:50 of 2nd period - Carson McMillan is hit by Colin Greening.
5:01 of 2nd period - Minor Penalty to Ryan Craig for Interference.
5:02 of 2nd period - Charles Sarault wins face-off versus Colin Greening in Senators zone.
5:06 of 2nd period - Slapshot by Adam Clendening.
5:06 of 2nd period - Shot Misses the Net.
5:20 of 2nd period - Wrist shot by Justin Vaive.
5:20 of 2nd period - Stopped by Jean-Francois Berube without a rebound.
5:21 of 2nd period - Charles Sarault wins face-off versus Philip McRae in Senators zone.
5:22 of 2nd period - Slapshot by Adam Clendening.
5:22 of 2nd period - Stopped by Jean-Francois Berube with a rebound.
6:21 of 2nd period - Slapshot by FARMPLAYER2.
6:21 of 2nd period - Goal by FARMPLAYER2 - Penguins : 1 - Senators : 6.
6:22 of 2nd period - Josh Leivo wins face-off versus Carson McMillan in neutral zone.
6:25 of 2nd period - Backhand shot by Kenny Ryan.
6:25 of 2nd period - Goal by Kenny Ryan - Penguins : 1 - Senators : 7.
6:26 of 2nd period - FARMPLAYER2 wins face-off versus Evan Trupp in neutral zone.
6:53 of 2nd period - Wrist shot by FARMPLAYER2.
6:53 of 2nd period - Shot Misses the Net.
7:33 of 2nd period - Snap shot by Justin Vaive.
7:33 of 2nd period - Shot Blocked by Tom Nilsson.
7:35 of 2nd period - Snap shot by Dustin Gazley.
7:35 of 2nd period - Shot Blocked by Tom Nilsson.
7:43 of 2nd period - Charles Sarault is hit by Greg Nemisz and loses puck.
8:10 of 2nd period - Jesse Blacker is hit by Philippe Cornet.
8:16 of 2nd period - Wrist shot by Philippe Cornet.
8:16 of 2nd period - Shot Misses the Net.
8:24 of 2nd period - Snap shot by Emerson Etem.
8:24 of 2nd period - Goal by Emerson Etem - Penguins : 1 - Senators : 8.
8:24 of 2nd period - FARM GOALIE14 enters game.
8:25 of 2nd period - FARMPLAYER2 wins face-off versus Kenny Ryan in neutral zone.
8:49 of 2nd period - Wrist shot by Josh Leivo.
8:49 of 2nd period - Shot Blocked by Adam Clendening.
8:51 of 2nd period - Slapshot by Jesse Blacker.
8:51 of 2nd period - Shot Blocked by Adam Clendening.
9:11 of 2nd period - Slapshot by Emerson Etem.
9:11 of 2nd period - Stopped by FARM GOALIE14 with a rebound.
9:13 of 2nd period - Snap shot by Colin Greening.
9:13 of 2nd period - Stopped by FARM GOALIE14 with a rebound.
9:15 of 2nd period - Snap shot by Philip McRae.
9:15 of 2nd period - Shot Blocked by Adam Clendening.
9:52 of 2nd period - Patrice Cormier beats up Ryan Craig.
9:52 of 2nd period - Penalty to Ryan Craig for Fighting.
9:52 of 2nd period - Penalty to Patrice Cormier for Fighting.
9:52 of 2nd period - Penalty to Patrice Cormier for instigated a fight.
9:52 of 2nd period - Penalty to Patrice Cormier for instigated a fight.
9:53 of 2nd period - Evan Trupp wins face-off versus Ryan Olsen in Penguins zone.
11:18 of 2nd period - FARMPLAYER2 is hit by Colin Greening and loses puck.
11:52 of 2nd period - Penalty to Patrice Cormier is over, FARM PLAYER15 is send on ice.
12:55 of 2nd period - Jason Gregoire is hit by Evan Trupp.
13:53 of 2nd period - Minor Penalty to FARM PLAYER2 for High sticking.
13:54 of 2nd period - FARMPLAYER2 wins face-off versus Colin Greening in Senators zone.
14:31 of 2nd period - Slapshot by Adam Clendening.
14:31 of 2nd period - Shot Misses the Net.
14:52 of 2nd period - Penalty to Ryan Craig is over, Ryan Craig is back on ice.
15:22 of 2nd period - Snap shot by FARMPLAYER2.
15:22 of 2nd period - Shot Blocked by Colin Greening.
15:53 of 2nd period - Penalty to FARM PLAYER2 is over, FARM PLAYER2 is back on ice.
16:19 of 2nd period - Wrist shot by Kenny Ryan.
16:19 of 2nd period - Stopped by FARM GOALIE14 with a rebound.
16:47 of 2nd period - Snap shot by Emerson Etem.
16:47 of 2nd period - Stopped by FARM GOALIE14 with a rebound.
17:07 of 2nd period - Garrett Meurs is hit by Tom Nilsson and loses puck.
17:56 of 2nd period - Icing by Trevor Parkes.
17:57 of 2nd period - Greg Nemisz wins face-off versus Ryan Olsen in Penguins zone.
18:48 of 2nd period - Garrett Meurs is hit by Evan Trupp and loses puck.
Goals for this period are 1 for Penguins vs 5 for Senators.
Shots for this period are 6 for Penguins vs 9 for Senators.

3rd period


0:01 of 3rd period - FARMPLAYER2 wins face-off versus Ryan Craig in neutral zone.
0:36 of 3rd period - Slapshot by Adam Clendening.
0:36 of 3rd period - Stopped by Jean-Francois Berube without a rebound.
0:37 of 3rd period - Charles Sarault wins face-off versus Evan Trupp in Senators zone.
0:42 of 3rd period - Slapshot by Dustin Gazley.
0:42 of 3rd period - Stopped by Jean-Francois Berube with a rebound.
0:43 of 3rd period - Kenny Ryan and Justin Vaive fight to a draw.
0:43 of 3rd period - Penalty to Kenny Ryan for Fighting.
0:43 of 3rd period - Penalty to Justin Vaive for Fighting.
0:44 of 3rd period - FARMPLAYER2 wins face-off versus Ryan Craig in Senators zone.
1:56 of 3rd period - Slapshot by Danny Biega.
1:56 of 3rd period - Stopped by Jean-Francois Berube without a rebound.
1:57 of 3rd period - Charles Sarault wins face-off versus Philip McRae in Senators zone.
2:02 of 3rd period - Snap shot by Dustin Gazley.
2:02 of 3rd period - Shot Misses the Net.
2:43 of 3rd period - Cody Hodgson is hit by Ryan Olsen and loses puck.
2:58 of 3rd period - Slapshot by Danny Biega.
2:58 of 3rd period - Shot Misses the Net.
3:00 of 3rd period - Slapshot by Adam Clendening.
3:00 of 3rd period - Shot Blocked by Matt Finn.
3:02 of 3rd period - Wrist shot by Carson McMillan.
3:02 of 3rd period - Stopped by Jean-Francois Berube with a rebound.
3:04 of 3rd period - Snap shot by Danny Biega.
3:04 of 3rd period - Shot Misses the Net.
3:06 of 3rd period - Slapshot by Adam Clendening.
3:06 of 3rd period - Shot Misses the Net.
3:08 of 3rd period - Slapshot by Adam Clendening.
3:08 of 3rd period - Shot Blocked by Colin Greening.
3:25 of 3rd period - Off-side.
3:26 of 3rd period - Charles Sarault wins face-off versus Evan Trupp in neutral zone.
4:19 of 3rd period - Snap shot by Adam Clendening.
4:19 of 3rd period - Deflect By Carson McMillan.
4:19 of 3rd period - Shot Misses the Net.
4:19 of 3rd period - Puck is out of play.
4:20 of 3rd period - Ryan Craig wins face-off versus Carson McMillan in Senators zone.
4:29 of 3rd period - Wrist shot by Colin Greening.
4:29 of 3rd period - Stopped by FARM GOALIE14 with a rebound.
4:31 of 3rd period - Slapshot by Jesse Blacker.
4:31 of 3rd period - Stopped by FARM GOALIE14 with a rebound.
4:33 of 3rd period - Snap shot by Greg Nemisz.
4:33 of 3rd period - Stopped by FARM GOALIE14 with a rebound.
4:35 of 3rd period - Snap shot by Greg Nemisz.
4:35 of 3rd period - Shot Blocked by Danny Biega.
4:37 of 3rd period - Wrist shot by Greg Nemisz.
4:37 of 3rd period - Shot Misses the Net.
4:39 of 3rd period - Slapshot by Colin Greening.
4:39 of 3rd period - Stopped by FARM GOALIE14 with a rebound.
4:41 of 3rd period - Slapshot by Jesse Blacker.
4:41 of 3rd period - Stopped by FARM GOALIE14 with a rebound.
4:52 of 3rd period - 10 Minutes Misconduct Penalty to Patrice Cormier is over.
5:05 of 3rd period - Wrist shot by Philip McRae.
5:05 of 3rd period - Stopped by FARM GOALIE14 with a rebound.
5:07 of 3rd period - Slapshot by Jesse Blacker.
5:07 of 3rd period - Stopped by FARM GOALIE14 with a rebound.
5:09 of 3rd period - Slapshot by Tom Nilsson.
5:09 of 3rd period - Shot Misses the Net.
5:20 of 3rd period - Minor Penalty to Colin Greening for Holding.
5:21 of 3rd period - FARMPLAYER2 wins face-off versus FARM PLAYER2 in Senators zone.
5:32 of 3rd period - Slapshot by Jesse Blacker.
5:32 of 3rd period - Stopped by FARM GOALIE14 with a rebound.
5:34 of 3rd period - Slapshot by Jesse Blacker.
5:34 of 3rd period - Stopped by FARM GOALIE14 with a rebound.
5:43 of 3rd period - Penalty to Kenny Ryan is over, Kenny Ryan is back on ice.
5:54 of 3rd period - Snap shot by Patrice Cormier.
5:54 of 3rd period - Stopped by Jean-Francois Berube with a rebound.
6:09 of 3rd period - Adam Clendening is hit by FARM PLAYER2 and loses puck.
6:51 of 3rd period - Philip McRae is hit by Trevor Parkes and loses puck.
7:16 of 3rd period - Darcy Zajac is hit by Justin Vaive and loses puck.
7:20 of 3rd period - Penalty to Colin Greening is over, Colin Greening is back on ice.
7:31 of 3rd period - Snap shot by FARMPLAYER2.
7:31 of 3rd period - Shot Blocked by Tom Nilsson.
7:33 of 3rd period - Slapshot by Danny Biega.
7:33 of 3rd period - Stopped by Jean-Francois Berube with a rebound.
7:52 of 3rd period - Icing by Matt Finn.
7:53 of 3rd period - Darcy Zajac wins face-off versus Carson McMillan in Senators zone.
8:39 of 3rd period - Tom Nilsson is hit by Jeff Schultz and loses puck.
9:14 of 3rd period - Minor Penalty to FARMPLAYER2 for Cross-checking.
9:15 of 3rd period - Patrice Cormier wins face-off versus Ryan Craig in Penguins zone.
9:24 of 3rd period - Snap shot by Colin Greening.
9:24 of 3rd period - Goal by Colin Greening - Penguins : 1 - Senators : 9.
9:25 of 3rd period - Philip McRae wins face-off versus Charles Sarault in neutral zone.
11:08 of 3rd period - Slapshot by Patrice Cormier.
11:08 of 3rd period - Stopped by Jean-Francois Berube with a rebound.
11:24 of 3rd period - Wrist shot by Ryan Olsen.
11:24 of 3rd period - Shot Misses the Net.
11:27 of 3rd period - Icing by Matt Finn.
11:28 of 3rd period - Ryan Olsen wins face-off versus Evan Trupp in Senators zone.
12:00 of 3rd period - Wrist shot by Charles Sarault.
12:00 of 3rd period - Shot Blocked by Cody Hodgson.
12:08 of 3rd period - Snap shot by Charles Sarault.
12:08 of 3rd period - Shot Misses the Net.
12:09 of 3rd period - Matt Finn and Justin Vaive fight to a draw.
12:09 of 3rd period - Penalty to Matt Finn for Fighting.
12:09 of 3rd period - Penalty to Justin Vaive for Fighting.
12:09 of 3rd period - Penalty to Matt Finn for instigated a fight.
12:09 of 3rd period - Penalty to Matt Finn for instigated a fight.
12:10 of 3rd period - Colin Greening wins face-off versus Charles Sarault in Senators zone.
12:19 of 3rd period - Wrist shot by Adam Clendening.
12:19 of 3rd period - Shot Blocked by Ryan Craig.
12:39 of 3rd period - Slapshot by Danny Biega.
12:39 of 3rd period - Stopped by Jean-Francois Berube with a rebound.
13:30 of 3rd period - Wrist shot by Dustin Gazley.
13:30 of 3rd period - Stopped by Jean-Francois Berube with a rebound.
14:09 of 3rd period - Penalty to Matt Finn is over, FARM PLAYER47 is send on ice.
15:56 of 3rd period - Colin Greening is hit by FARM PLAYER22 and loses puck.
16:18 of 3rd period - Slapshot by Danny Biega.
16:18 of 3rd period - Shot Blocked by Jesse Blacker.
16:47 of 3rd period - Jeff Schultz is hit by Colton Orr and loses puck.
17:10 of 3rd period - Wrist shot by Greg Nemisz.
17:10 of 3rd period - Stopped by FARM GOALIE14 with a rebound.
17:12 of 3rd period - Wrist shot by Greg Nemisz.
17:12 of 3rd period - Shot Misses the Net.
17:14 of 3rd period - Slapshot by FARM PLAYER47.
17:14 of 3rd period - Deflect By Adam Clendening.
17:14 of 3rd period - Stopped by FARM GOALIE14 with a rebound.
17:58 of 3rd period - Philip McRae is hit by FARM PLAYER15 and loses puck.
18:23 of 3rd period - Slapshot by Josh Leivo.
18:23 of 3rd period - Stopped by FARM GOALIE14 with a rebound.
18:25 of 3rd period - Snap shot by Josh Leivo.
18:25 of 3rd period - Shot Blocked by Danny Biega.
18:27 of 3rd period - Wrist shot by Josh Leivo.
18:27 of 3rd period - Shot Blocked by Adam Clendening.
19:08 of 3rd period - Charles Sarault is hit by Greg Nemisz and loses puck.
19:20 of 3rd period - Ryan Craig is hit by Jeff Schultz and loses puck.
Goals for this period are 0 for Penguins vs 1 for Senators.
Shots for this period are 9 for Penguins vs 13 for Senators.